 Dungeon Crawl Stone Soup version 0.29-a0-418-gc0181ea820 (webtiles) character file.

Game seed: 14143148943434125293

2041 chopper the Cleaver (level 9, -3/78 HPs)
             Began as a Minotaur Fighter on May 18, 2022.
             Was a Follower of Nemelex Xobeh.
             Slain by a large abomination (25 damage)
             ... on level 1 of the Abyss.
             The game lasted 00:32:14 (6258 turns).

chopper the Cleaver (Minotaur Fighter)              Turns: 6258, Time: 00:32:15

Health: -3/78      AC: 13    Str: 25    XL:     9   Next: 4%
Magic:  8/8        EV:  7    Int:  5    God:    Nemelex Xobeh [*.....]
Gold:   408        SH:  5    Dex: 10    Spells: 8/8 levels left

rFire   . . .      SeeInvis .   a - +3 war axe
rCold   . . .      Faith    .   c - +0 buckler
rNeg    . . .      Spirit   .   u - +0 plate armour
rPois   .          Reflect  .   (helmet restricted)
rElec   .          Harm     .   (no cloak)
rCorr   .          Rampage  .   (no gloves)
Will    .....                   (no boots)
Stlth   ..........              b - amulet of regeneration
HPRegen 1.03/turn               (no ring)
MPRegen 0.11/turn               (no ring)

@: no status effects
A: horns 2, retaliatory headbutt
a: Renounce Religion, Draw Escape, Draw Destruction, Draw Summoning


You were on level 1 of the Abyss.
You worshipped Nemelex Xobeh.
Nemelex Xobeh was aware of your devotion.
You visited 1 branch of the dungeon, and saw 7 of its levels.
You visited the Abyss 1 time.

You collected 408 gold pieces.

Inventory:

Hand Weapons
 a - a +3 war axe (weapon)
 o - a +3 halberd
 q - a +4 scimitar of freezing
 r - a +3 spear
 z - a +0 whip of flaming
Armour
 c - a +0 buckler (worn)
 u - a +0 plate armour (worn)
Jewellery
 b - an amulet of regeneration (around neck)
 f - an amulet of the acrobat
Wands
 p - a wand of acid (11)
Scrolls
 e - a scroll of amnesia
 i - a scroll of torment {unknown}
 j - a scroll of noise {unknown}
 s - a scroll of fog {unknown}
 t - 2 scrolls of teleportation {unknown}
 x - a scroll of enchant armour {unknown}
 y - 2 scrolls of fear
 A - a scroll of magic mapping {unknown}
 B - a scroll of enchant weapon
Potions
 d - 6 potions of might
 g - a potion of haste
 h - 3 potions of curing
 k - a potion of berserk rage
 l - 2 potions of flight {unknown}
 m - a potion of invisibility {unknown}
 n - a potion of cancellation {unknown}
 v - 4 potions of magic {unknown}
 w - a potion of attraction {unknown}
 C - a potion of brilliance {unknown}


   Skills:
 + Level 6.5 Fighting
 + Level 10.0 Axes
 + Level 8.1 Armour
 + Level 1.2 Dodging
 + Level 0.2 Stealth
 + Level 5.8 Shields
 + Level 0.1 Evocations


You had 8 spell levels left.
You didn't know any spells.
Your spell library was empty.

Dungeon Overview and Level Annotations

Branches:
Dungeon (7/15)             Temple (0/1) D:5

Altars:
Elyvilon
Gozag
Nemelex Xobeh
Okawaru
Ru
Xom

Shops:
D:1 (

Annotations:
D:5 Menkaure


Innate Abilities, Weirdness & Mutations

You have a pair of horns on your head.
You reflexively headbutt those who attack you in melee.


Message History

The gnoll hits you but does no damage.
The bullfrog gives a loud, deep croak!
You block the gnoll's attack.
The gnoll hits you from afar with a +0 spear.
You block the bullfrog's attack. The bullfrog barely misses you.
You furiously retaliate!
You headbutt the bullfrog.
The gnoll sergeant hits you but does no damage.
You are cast into the Abyss!
This branch contains the abyssal rune of Zot.
There is an empty arch of ancient stone here.
Found a gateway leading deeper into the Abyss.
Press: ? - help, v - describe, . - travel A gateway leading deeper into the Abyss.
A large abomination comes into view.
The large abomination hits you!!
You hit the large abomination but do no damage.
Your headbutt misses the large abomination.
The large abomination hits you!! The large abomination hits you!
* * * LOW HITPOINT WARNING * * *
You draw a card...
You have drawn the Cloud.
Clouds appear around you!
The large abomination barely misses you.
You draw a card...
You have drawn the Cloud.
Nothing appears to happen.
The deck of cards glows with a rainbow of weird colours and disappears.
The large abomination barely misses you.
You draw a card...
You have drawn Wild Magic.
The large abomination is hit by flying rocks.
You feel a surge of magic.
The large abomination hits you but does no damage.
Unknown command.
You draw a card...
You have drawn Wild Magic.
The large abomination is hit by flying rocks.
You feel a surge of magic. The large abomination hits you.
* * * LOW HITPOINT WARNING * * *
Unknown command.
You draw a card...
You have drawn the Swarm.
The large abomination barely misses your killer bee.
The large abomination hits you!!
You die...
Your body disappears without a glow.

#### ##.##. . .
.#.. #
....##.#.. ..#
##..#..#.# ...
.# . #......
.... ..
#....#.... ...
.#.#.# . #
.#....
....#..###X#
.... .
.....§Xy#y.#
...#.#..##@..§#
#...#. . #y..##
# # ........#§#
##.#.....#..#
...# .#..#### #
..####.# ... .#
.§. ###


You could see 2 large abominations and 3 friendly killer bees.

Vanquished Creatures
  Pikel (D:5)
  An ice beast (D:5)
  2 black bears
  An ogre (D:4)
  2 centaurs
  A phantom (D:6)
  A bullfrog (D:4)
  A necrophage (D:5)
  4 scorpions
  5 wights (D:3)
  A howler monkey (D:4)
  2 hounds (D:5)
  An orc priest (D:6)
  A gnoll shaman (D:6)
  2 orc wizards (D:6)
  7 gnolls
  5 adders
  A white imp (D:5)
  2 worms
  2 dart slugs
  7 orcs
  5 ball pythons
  7 endoplasms
  2 giant cockroaches (D:2)
  6 hobgoblins
  6 jackals
  A quokka (D:1)
  5 bats
  2 frilled lizards
  7 goblins
  2 kobolds (D:3)
  7 rats
100 creatures vanquished.

Notes
Turn   | Place    | Note
-------+----------+-------------------------------------------
     0 | D:1      | chopper the Minotaur Fighter began the quest for the Orb.
     0 | D:1      | Reached XP level 1. HP: 19/19 MP: 0/0
   608 | D:1      | Found Ceocusk's Weapon Boutique.
   957 | D:2      | Reached XP level 2. HP: 27/27 MP: 1/1
  1094 | D:2      | Found a faded altar of an unknown god.
  1184 | D:2      | Reached skill level 3 in Axes
  1256 | D:2      | Reached XP level 3. HP: 24/33 MP: 2/2
  1949 | D:3      | Reached skill level 4 in Axes
  1949 | D:3      | Reached XP level 4. HP: 40/40 MP: 3/3
  2771 | D:3      | Reached skill level 5 in Axes
  2771 | D:3      | Reached XP level 5. HP: 43/47 MP: 4/4
  2937 | D:3      | Reached skill level 5 in Armour
  2937 | D:3      | Reached XP level 6. HP: 30/55 MP: 5/5
  2966 | D:3      | Reached skill level 6 in Axes
  3361 | D:4      | Found an iron altar of Okawaru.
  3586 | D:4      | Reached skill level 5 in Fighting
  3966 | D:4      | Found a sparkling altar of Nemelex Xobeh.
  3968 | D:4      | Found a white marble altar of Elyvilon.
  3970 | D:4      | Found a sacrificial altar of Ru.
  3972 | D:4      | Found a shimmering altar of Xom.
  3976 | D:4      | Became a worshipper of Nemelex Xobeh the Trickster
  4132 | D:5      | Entered Level 5 of the Dungeon
  4206 | D:5      | Reached XP level 7. HP: 61/61 MP: 6/6
  4305 | D:4      | Reached skill level 7 in Axes
  4560 | D:5      | Reached skill level 5 in Shields
  4679 | D:5      | Found an opulent altar of Gozag.
  4730 | D:5      | Found an opulent altar of Gozag.
  4736 | D:5      | Found an opulent altar of Gozag.
  4750 | D:5      | Found an opulent altar of Gozag.
  4897 | D:5      | Noticed Menkaure
  5004 | D:5      | Found a staircase to the Ecumenical Temple.
  5079 | D:5      | Noticed Pikel
  5114 | D:5      | Killed Pikel
  5115 | D:5      | Reached skill level 8 in Axes
  5115 | D:5      | Reached skill level 1 in Dodging
  5115 | D:5      | Reached XP level 8. HP: 52/70 MP: 7/7
  5194 | D:5      | Reached skill level 9 in Axes
  5536 | D:6      | Reached * piety under Nemelex Xobeh
  5621 | D:6      | Reached XP level 9. HP: 62/78 MP: 8/8
  5657 | D:6      | Reached skill level 10 in Axes
  5892 | D:6      | Received a gift from Nemelex Xobeh
  6197 | D:7      | Cast into level 1 of the Abyss (gnoll sergeant)
  6239 | Abyss:1  | Noticed a large abomination
  6258 | Abyss:1  | Slain by a large abomination

Illustrated notes

Levels and vault maps discovered:
D:1:      beargit_arrival_greenhouse, layout_basic, serial_shops,
          nicolae_shop_bloodbath_and_beyond
D:2:      layout_loops_cross, hellmonk_ecumenical_altar_pennies_from_heaven
D:3:      layout_rooms
D:4:      layout_basic, okawaru_trees_1, mainiacjoe_overflow_alcove_3,
          minmay_misc_feat_nine_boxes
D:5:      cheibrodos_helix_gallery, layout_loops_corners,
          nicolae_gozag_conspicuous_consumption, minmay_temple_entry_wispy,
          uniq_pikel, uniq_menkaure
D:6:      layout_gridville
D:7:      layout_loops_ring, lemuel_zombie_altar_kikubaaqudgha,
          nicolae_hepliaklqana_ecumenical_no_more, kennysheep_generic_room_13
Abyss:1:  base: D:3, evilmike_abyss_exit_2

Skill      XL: |  1  2  3  4  5  6  7  8  9 |
---------------+----------------------------+-----
Fighting       | 4 5 6 |  6.5
Axes           | 3 4 5 6 8 9 10 | 10.0
Armour         | 4 5 7 8 |  8.1
Shields        | 4 5 |  5.8
Dodging        | 1 |  1.2
Stealth        | |  0.2
Evocations     | |  0.1

Action                   |  1- 3 |  4- 6 |  7- 9 || total
-------------------------+-------+-------+-------++-------
Melee: War axe           |    86 |    71 |    88 ||   245
       Headbutt          |     8 |     8 |    11 ||    27
Invok: Draw Escape       |       |       |     2 ||     2
       Draw Destruction  |       |       |     2 ||     2
       Draw Summoning    |       |       |     1 ||     1
Evoke: Wand              |       |       |     1 ||     1
  Use: Scroll            |       |     7 |     3 ||    10
Armor: Scale mail        |    17 |       |       ||    17
       Chain mail        |    49 |    21 |       ||    70
       Plate armour      |       |    21 |   109 ||   130
Dodge: Dodged            |    40 |    24 |    36 ||   100
Block: Buckler           |    20 |    20 |    32 ||    72

Table legend: (Time is in decaauts)
 A = Elapsed time spent in this place.
 B = Non-inter-level travel time spent in this place.
 C = Inter-level travel time spent in this place.
 D = Time resting spent in this place.
 E = Time spent auto-exploring this place.
 F = Levels seen in this place.
 G = Mean time per level.
                   A        B        C        D        E       F      G
               +--------+--------+--------+--------+--------+-----+--------+
         Total |   6328 |   6328 |      0 |    780 |      0 |   8 |  791.0 |
       Dungeon |   6267 |   6267 |      0 |    780 |      0 |   7 |  895.3 |
         Abyss |     60 |     60 |      0 |      0 |      0 |   1 |   60.0 |
               +--------+--------+--------+--------+--------+-----+--------+

Top non-repeatable levels by time:
     D:2: 1367 daAuts
     D:5: 1211 daAuts
     D:4: 1000 daAuts
     D:3: 992 daAuts
     D:1: 957 daAuts
     D:6: 732 daAuts
 Abyss:1: 60 daAuts
     D:7: 5 daAuts
